| TOP OF THE 1ST |
|
Cincinnati Reds batting - Pitching for Chicago Cubs : RHP Ray Burris
|
|
Pitching: RHP Ray Burris
|
|
|
Batting: RHB Gary Matthews
|
0-0: Fly out, F8 (Flyball, 8RS, EV 90.0 MPH)
|
|
Batting: LHB Joseph Talley
|
0-0: Called Strike 0-1: Ball 1-1: Ball 2-1: Ball 3-1: Base on Balls
|
|
Batting: LHB Mike Easler
|
0-0: Fly out, F9 (Line Drive, 9, EV 93.1 MPH)
|
|
Batting: RHB Bill Melton
|
0-0: Foul Ball, location: 2F 0-1: Ground out 5-3 (Groundball, 56S, EV 71.3 MPH)
|
| Top of the 1st over - 0 runs, 0 hits, 0 errors, 1 left on base; Cincinnati 0 - Chicago 0 |
| BOTTOM OF THE 1ST |
|
Chicago Cubs batting - Pitching for Cincinnati Reds : RHP Steve Brown
|
|
Pitching: RHP Steve Brown
|
|
|
Batting: RHB Gary Ward
|
0-0: Swinging Strike 0-1: Swinging Strike 0-2: Ball 1-2: Foul Ball, location: 2F 1-2: Foul Ball, location: 2F 1-2: Ball 2-2: Ball 3-2: Strikes out swinging
|
|
Batting: RHB Randy Ready
|
0-0: Ball 1-0: Ball 2-0: Called Strike 2-1: Ground out 4-3 (Groundball, 4M, EV 81.9 MPH)
|
|
Batting: RHB Lonnie Smith
|
0-0: Ball 1-0: Called Strike 1-1: Swinging Strike 1-2: Ball 2-2: Strikes out swinging
|
| Bottom of the 1st over - 0 runs, 0 hits, 0 errors, 0 left on base; Cincinnati 0 - Chicago 0 |
| TOP OF THE 2ND |
|
Cincinnati Reds batting - Pitching for Chicago Cubs : RHP Ray Burris
|
|
Batting: LHB Darrell Evans
|
0-0: Called Strike 0-1: Ball 1-1: Ball 2-1: Called Strike 2-2: Ball 3-2: Fly out, F6 (Line Drive, 6, EV 73.1 MPH)
|
|
Batting: RHB John Malkin
|
0-0: Ball 1-0: Called Strike 1-1: DOUBLE (Flyball, 8LXD, EV 91.3 MPH)
|
|
Batting: RHB Jesus Alfaro
|
0-0: Ground out U3 (Groundball, 34, EV 103.1 MPH) John Malkin to third
|
|
Batting: RHB John Damon
|
0-0: Called Strike 0-1: Ball 1-1: Called Strike 1-2: Foul Ball, location: 2F 1-2: Ball 2-2: Ball 3-2: Foul Ball, location: 2F 3-2: SINGLE (Groundball, 4MD, EV 96.3 MPH) John Malkin scores
|
|
Batting: LHB Steve Brown
|
0-0: Ground out 5-3 (Groundball, 56S, EV 68.8 MPH)
|
| Top of the 2nd over - 1 run, 2 hits, 0 errors, 1 left on base; Cincinnati 1 - Chicago 0 |
| BOTTOM OF THE 2ND |
|
Chicago Cubs batting - Pitching for Cincinnati Reds : RHP Steve Brown
|
|
Batting: RHB Jim Rice
|
0-0: Ball 1-0: Ball 2-0: Called Strike 2-1: Swinging Strike 2-2: Fly out, F8 (Flyball, 8RS, EV 91.3 MPH)
|
|
Batting: SHB Roy Smalley
|
0-0: Called Strike 0-1: Ball 1-1: SOLO HOME RUN (Flyball, 9LD, EV 100.0 MPH), Distance : 390 ft
|
|
Batting: LHB Gerald Perry
|
0-0: Ball 1-0: Foul Ball, location: 2F 1-1: Swinging Strike 1-2: Ball 2-2: Strikes out swinging
|
|
Batting: RHB Rick Cerone
|
0-0: Called Strike 0-1: Reached on error, E6 (Groundball, 6, EV 103.8 MPH)
|
|
Batting: RHB Fran Mullins
|
0-0: Foul Ball, location: 2F 0-1: Ball 1-1: Ball 2-1: Called Strike 2-2: Ball 3-2: Strikes out swinging
|
| Bottom of the 2nd over - 1 run, 1 hit, 1 error, 1 left on base; Cincinnati 1 - Chicago 1 |
| TOP OF THE 3RD |
|
Cincinnati Reds batting - Pitching for Chicago Cubs : RHP Ray Burris
|
|
Batting: RHB Gary Matthews
|
0-0: Ball 1-0: Ground out 5-3 (Groundball, 56S, EV 82.5 MPH)
|
|
Batting: LHB Joseph Talley
|
0-0: Ball 1-0: Foul Ball, location: 2F 1-1: Ball 2-1: Swinging Strike 2-2: Foul Ball, location: 2F 2-2: Ball 3-2: Foul Ball, location: 2F 3-2: Reached on error, E8 (Flyball, 8RXD, EV 105.6 MPH)
|
|
Batting: LHB Mike Easler
|
0-0: Fly out, F9 (Flyball, 9LS, EV 88.8 MPH)
|
|
Batting: RHB Bill Melton
|
0-0: Swinging Strike 0-1: Called Strike 0-2: Ball 1-2: Ball Joseph Talley is caught stealing 2nd base 2-4
|
| Top of the 3rd over - 0 runs, 0 hits, 1 error, 0 left on base; Cincinnati 1 - Chicago 1 |
| BOTTOM OF THE 3RD |
|
Chicago Cubs batting - Pitching for Cincinnati Reds : RHP Steve Brown
|
|
Batting: RHB Ray Burris
|
0-0: Swinging Strike 0-1: Swinging Strike 0-2: Ball 1-2: Ball 2-2: Strikes out swinging
|
|
Batting: RHB Gary Ward
|
0-0: Fly out, F7 (Flyball, 78XD, EV 102.5 MPH)
|
|
Batting: RHB Randy Ready
|
0-0: Swinging Strike 0-1: Called Strike 0-2: Ball 1-2: Ball 2-2: Ball 3-2: Base on Balls
|
|
Batting: RHB Lonnie Smith
|
0-0: Ball 1-0: Ball 2-0: Ball 3-0: Called Strike 3-1: Base on Balls Randy Ready to second
|
|
Batting: RHB Jim Rice
|
0-0: Called Strike 0-1: Ball 1-1: Ball 2-1: Foul Ball, location: 2F 2-2: Strikes out swinging
|
| Bottom of the 3rd over - 0 runs, 0 hits, 0 errors, 2 left on base; Cincinnati 1 - Chicago 1 |
| TOP OF THE 4TH |
|
Cincinnati Reds batting - Pitching for Chicago Cubs : RHP Ray Burris
|
|
Batting: RHB Bill Melton
|
0-0: Ball 1-0: Ball 2-0: DOUBLE (Line Drive, 89XD, EV 109.4 MPH)
|
|
Batting: LHB Darrell Evans
|
0-0: Swinging Strike 0-1: Foul Ball, location: 2F 0-2: Ground out 4-3 (Groundball, 4M, EV 78.1 MPH) Bill Melton to third
|
|
Batting: RHB John Malkin
|
0-0: Ball 1-0: Foul Ball, location: 2F 1-1: Ball 2-1: Called Strike 2-2: Strikes out looking
|
|
Batting: RHB Jesus Alfaro
|
0-0: SINGLE (Line Drive, 34, EV 105.6 MPH) Bill Melton scores
|
|
Batting: RHB John Damon
|
0-0: SINGLE (Line Drive, 4MD, EV 101.3 MPH) Jesus Alfaro to second
|
|
Batting: LHB Steve Brown
|
0-0: Called Strike 0-1: Ball 1-1: SINGLE (Flyball, 6D, EV 91.9 MPH) Jesus Alfaro to third John Damon to second Runner from 3rd tries for Home, SAFE, throw by CF to home
|
|
Batting: RHB Gary Matthews
|
0-0: Ball 1-0: Ball 2-0: Foul Ball, location: 2F 2-1: SINGLE (Groundball, 6MD, EV 95.0 MPH) John Damon to third Steve Brown to second Runner from 3rd tries for Home, SAFE, throw by CF to home
|
|
Batting: LHB Joseph Talley
|
0-0: Called Strike 0-1: Ball 1-1: Foul Ball, location: 2F 1-2: Foul Ball, location: 2F 1-2: Ball 2-2: Ball 3-2: Fly out, F6 (Popup, 56D, EV 75.6 MPH)
|
| Top of the 4th over - 3 runs, 5 hits, 0 errors, 2 left on base; Cincinnati 4 - Chicago 1 |
| BOTTOM OF THE 4TH |
|
Chicago Cubs batting - Pitching for Cincinnati Reds : RHP Steve Brown
|
|
Batting: SHB Roy Smalley
|
0-0: Swinging Strike 0-1: Swinging Strike 0-2: Foul Ball, location: 2F 0-2: Ball 1-2: Ball 2-2: Strikes out swinging, 2-3 out at first.
|
|
Batting: LHB Gerald Perry
|
0-0: SOLO HOME RUN (Flyball, 9D, EV 106.3 MPH), Distance : 398 ft
|
|
Batting: RHB Rick Cerone
|
0-0: Fly out, F3 (Popup, 3L, EV 80.6 MPH)
|
|
Batting: RHB Fran Mullins
|
0-0: Called Strike 0-1: Ball 1-1: Swinging Strike 1-2: Strikes out swinging
|
| Bottom of the 4th over - 1 run, 1 hit, 0 errors, 0 left on base; Cincinnati 4 - Chicago 2 |
| TOP OF THE 5TH |
|
Cincinnati Reds batting - Pitching for Chicago Cubs : RHP Ray Burris
|
|
Batting: LHB Mike Easler
|
0-0: Ball 1-0: DOUBLE (Flyball, 8RXD, EV 93.1 MPH)
|
|
Batting: RHB Bill Melton
|
0-0: Called Strike 0-1: Ball 1-1: Swinging Strike 1-2: Ball 2-2: Strikes out looking
|
|
Batting: LHB Darrell Evans
|
0-0: Called Strike 0-1: Fly out, F7 (Flyball, 7LS, EV 70.0 MPH)
|
|
Batting: RHB John Malkin
|
0-0: SINGLE (Line Drive, 4D, EV 106.3 MPH) Mike Easler to third Runner from 3rd tries for Home, SAFE, throw by CF to home
|
|
Batting: RHB Jesus Alfaro
|
0-0: DOUBLE (Line Drive, 89D, EV 110.0 MPH) John Malkin to third Runner from 3rd tries for Home, SAFE, throw by RF to trailing runner, OUT at third! 9-3-5
|
| Top of the 5th over - 2 runs, 3 hits, 0 errors, 0 left on base; Cincinnati 6 - Chicago 2 |
| BOTTOM OF THE 5TH |
|
Chicago Cubs batting - Pitching for Cincinnati Reds : RHP Steve Brown
|
|
Now in RF: Nick Deurloo
|
|
|
Batting: RHB Ray Burris
|
0-0: Swinging Strike 0-1: Fly out, F7 (Flyball, 7S, EV 86.9 MPH)
|
|
Batting: RHB Gary Ward
|
0-0: Ground out U3 (Groundball, 34, EV 78.8 MPH)
|
|
Batting: RHB Randy Ready
|
0-0: Called Strike 0-1: Ground out 4-3 (Groundball, 34D, EV 85.0 MPH)
|
| Bottom of the 5th over - 0 runs, 0 hits, 0 errors, 0 left on base; Cincinnati 6 - Chicago 2 |
| TOP OF THE 6TH |
|
Cincinnati Reds batting - Pitching for Chicago Cubs : RHP Ray Burris
|
|
Batting: RHB John Damon
|
0-0: Called Strike 0-1: SINGLE (Flyball, 8RS, EV 88.8 MPH)
|
|
Batting: LHB Steve Brown
|
0-0: Ball 1-0: Sac Bunt to 15 - play at first, batter OUT! 1-4 John Damon to second
|
|
Batting: RHB Gary Matthews
|
0-0: Called Strike 0-1: Fly out, F4 (Popup, 4, EV 77.5 MPH)
|
|
Batting: LHB Joseph Talley
|
0-0: Intentional Walk
|
|
Batting: RHB Nick Deurloo
|
0-0: Ball 1-0: Called Strike 1-1: Foul Ball, location: 2F 1-2: Ball 2-2: DOUBLE (Flyball, 8LXD, EV 93.1 MPH) John Damon scores Joseph Talley to third Runner from 3rd tries for Home, SAFE, throw by CF to home
|
|
Pitching: RHP Bill Greif
|
|
|
Batting: RHB Bill Melton
|
0-0: Fly out, F9 (Flyball, 9, EV 85.0 MPH)
|
| Top of the 6th over - 2 runs, 2 hits, 0 errors, 1 left on base; Cincinnati 8 - Chicago 2 |
| BOTTOM OF THE 6TH |
|
Chicago Cubs batting - Pitching for Cincinnati Reds : RHP Steve Brown
|
|
Batting: RHB Lonnie Smith
|
0-0: Called Strike 0-1: Called Strike 0-2: Foul Ball, location: 2F 0-2: Strikes out swinging
|
|
Batting: RHB Jim Rice
|
0-0: Called Strike 0-1: Ball 1-1: Called Strike 1-2: Ball 2-2: Ball 3-2: Fly out, F8 (Flyball, 8RXD, EV 101.3 MPH)
|
|
Batting: SHB Roy Smalley
|
0-0: Ball 1-0: Foul Ball, location: 2F 1-1: Swinging Strike 1-2: Foul Ball, location: 2F 1-2: Strikes out looking
|
| Bottom of the 6th over - 0 runs, 0 hits, 0 errors, 0 left on base; Cincinnati 8 - Chicago 2 |
| TOP OF THE 7TH |
|
Cincinnati Reds batting - Pitching for Chicago Cubs : RHP Bill Greif
|
|
Batting: LHB Darrell Evans
|
0-0: Ball 1-0: Ball 2-0: Called Strike 2-1: Ball 3-1: Ground out 4-3 (Groundball, 4, EV 100.0 MPH)
|
|
Batting: RHB John Malkin
|
0-0: Ball 1-0: Foul Ball, location: 2F 1-1: Foul Ball, location: 2F 1-2: Ball 2-2: Ball 3-2: SINGLE (Groundball, 34D, EV 103.8 MPH)
|
|
Batting: RHB Jesus Alfaro
|
0-0: Swinging Strike 0-1: Ball 1-1: Foul Ball, location: 2F 1-2: Ball 2-2: Ball 3-2: Foul Ball, location: 2F 3-2: Reached on error, E6 (Groundball, 6, EV 108.1 MPH) John Malkin to second
|
|
Batting: RHB John Damon
|
0-0: Ball 1-0: Called Strike 1-1: Ball Wild Pitch! John Malkin to third Jesus Alfaro to second 2-1: Foul Ball, location: 2F 2-2: Strikes out swinging
|
|
Batting: LHB Steve Brown
|
0-0: Called Strike 0-1: Foul Ball, location: 2F 0-2: Ball 1-2: Ball 2-2: Strikes out looking
|
| Top of the 7th over - 0 runs, 1 hit, 1 error, 2 left on base; Cincinnati 8 - Chicago 2 |
| BOTTOM OF THE 7TH |
|
Chicago Cubs batting - Pitching for Cincinnati Reds : RHP Steve Brown
|
|
Batting: LHB Gerald Perry
|
0-0: Ball 1-0: Ball 2-0: Foul Ball, location: 2F 2-1: Swinging Strike 2-2: Strikes out looking
|
|
Batting: RHB Rick Cerone
|
0-0: Called Strike 0-1: SOLO HOME RUN (Flyball, 78XD, EV 95.0 MPH), Distance : 437 ft
|
|
Batting: RHB Fran Mullins
|
0-0: Called Strike 0-1: Fly out, F8 (Flyball, 78XD, EV 104.4 MPH)
|
|
Pinch Hitting: LHB Dave Bergman
|
0-0: Called Strike 0-1: Ball 1-1: Ball 2-1: Called Strike 2-2: Strikes out swinging, 2-3 out at first.
|
| Bottom of the 7th over - 1 run, 1 hit, 0 errors, 0 left on base; Cincinnati 8 - Chicago 3 |
| TOP OF THE 8TH |
|
Cincinnati Reds batting - Pitching for Chicago Cubs : RHP Bill Greif
|
|
Pitching: RHP Matt Keough
|
|
|
Batting: RHB Gary Matthews
|
0-0: Called Strike 0-1: Swinging Strike 0-2: Strikes out looking
|
|
Batting: LHB Joseph Talley
|
0-0: Ball 1-0: Ball 2-0: Called Strike 2-1: Ball 3-1: Foul Ball, location: 2F 3-2: Fly out, F8 (Flyball, 78D, EV 91.3 MPH)
|
|
Batting: RHB Nick Deurloo
|
0-0: Reached on error, E6 (Groundball, 6, EV 85.6 MPH)
|
|
Batting: RHB Bill Melton
|
0-0: Called Strike 0-1: Swinging Strike 0-2: Strikes out looking
|
| Top of the 8th over - 0 runs, 0 hits, 1 error, 1 left on base; Cincinnati 8 - Chicago 3 |
| BOTTOM OF THE 8TH |
|
Chicago Cubs batting - Pitching for Cincinnati Reds : RHP Steve Brown
|
|
Batting: RHB Gary Ward
|
0-0: Ball 1-0: Swinging Strike 1-1: Called Strike 1-2: Ball 2-2: Ground out 6-3 (Groundball, 6, EV 101.9 MPH)
|
|
Batting: RHB Randy Ready
|
0-0: Called Strike 0-1: Called Strike 0-2: Ball 1-2: Ball 2-2: Strikes out looking
|
|
Batting: RHB Lonnie Smith
|
0-0: Foul Ball, location: 2F 0-1: Ball 1-1: Called Strike 1-2: Ball 2-2: Strikes out swinging
|
| Bottom of the 8th over - 0 runs, 0 hits, 0 errors, 0 left on base; Cincinnati 8 - Chicago 3 |
| TOP OF THE 9TH |
|
Cincinnati Reds batting - Pitching for Chicago Cubs : RHP Matt Keough
|
|
Batting: LHB Darrell Evans
|
0-0: Ball 1-0: Ball 2-0: Ball 3-0: Base on Balls
|
|
Batting: RHB John Malkin
|
0-0: Called Strike 0-1: Swinging Strike 0-2: Foul Ball, location: 2F 0-2: Ball 1-2: Foul Ball, location: 2F 1-2: Foul Ball, location: 2F 1-2: Strikes out swinging
|
|
Batting: RHB Jesus Alfaro
|
0-0: Ball 1-0: Called Strike 1-1: Called Strike 1-2: Ball 2-2: Strikes out swinging
|
|
Batting: RHB John Damon
|
0-0: Called Strike 0-1: Called Strike 0-2: Ball 1-2: Strikes out swinging
|
| Top of the 9th over - 0 runs, 0 hits, 0 errors, 1 left on base; Cincinnati 8 - Chicago 3 |
| BOTTOM OF THE 9TH |
|
Chicago Cubs batting - Pitching for Cincinnati Reds : RHP Steve Brown
|
|
Batting: RHB Jim Rice
|
0-0: SINGLE (Line Drive, 8RS, EV 108.1 MPH)
|
|
Batting: SHB Roy Smalley
|
0-0: Grounds into double play, 1-4-3 (Groundball, 15S, EV 63.1 MPH)
|
|
Batting: LHB Gerald Perry
|
0-0: Called Strike 0-1: Foul Ball, location: 2F 0-2: Ball 1-2: Strikes out swinging
|
| Bottom of the 9th over - 0 runs, 1 hit, 0 errors, 0 left on base; Cincinnati 8 - Chicago 3 |
|